 Dungeon Crawl Stone Soup version 0.18-a0-1197-g8004e50 (webtiles) character file.

1 4thArraOfDagon the Vexing (level 1, 0/15 HPs)
             Began as a Formicid Arcane Marksman on Jan 30, 2016.
             Shot with an arrow by a centaur (11 damage)
             ... on level 7 of the Dungeon.
             The game lasted 00:01:06 (123 turns).

4thArraOfDagon the Vexing (Formicid Arcane Marksman) Turns: 123, Time: 00:01:06

Health: 0/15       AC:  2    Str: 15    XL:     1   Next: 22%
Magic:  2/2        EV:  7    Int: 12    God:
Gold:   22         SH:  0    Dex: 10    Spells: 1 memorised, 1 level left

rFire  . . .     SeeInvis +     h - -2 mace (curse)
rCold  . . .     Gourm    .     b - +0 robe
rNeg   . . .     Faith    .     (no shield)
rPois  .         Spirit   .     (helmet unavailable)
rElec  .         Dismiss  .     (no cloak)
rCorr  .         Reflect  .     (no gloves)
SustAt .         Harm     .     (no boots)
MR     .....                    (no amulet)
Stlth  +.........               (no ring)
                                (no ring)

@: not resistant to hostile enchantments, very unstealthy
A: permanent stasis, dig shafts and tunnels, four strong arms, antennae 3
a: Dig, Shaft Self


You were on level 7 of the Dungeon.
You were not hungry.

You visited 1 branch of the dungeon, and saw 6 of its levels.

You collected 22 gold pieces.

Inventory:

Hand Weapons
 a - a +0 hand crossbow
 g - a +0 hand axe
 h - a cursed -2 mace (weapon)
Missiles
 d - 20 bolts
Armour
 b - a +0 robe (worn)
Potions
 e - a potion of curing {unknown}
Books
 c - a book of Debilitation

   Spells                             Type                      Level
   a - Corona                         Hexes                        1
   b - Slow                           Hexes                        2
   c - Gell's Gravitas                Hexes/Translocation          3
   d - Inner Flame                    Hexes/Fire                   3
   e - Cause Fear                     Hexes                        4
   f - Leda's Liquefaction            Hexes/Earth                  4
Comestibles
 f - 2 bread rations


   Skills:
 - Level 1.2 Fighting
 * Level 0.0 Axes
 - Level 2.0 Crossbows
 + Level 0.2 Armour
 - Level 1.7 Dodging
 - Level 1.1 Spellcasting
 - Level 3.6 Hexes


You had one spell level left.
You knew the following spells:

 Your Spells              Type           Power        Failure   Level  Hunger
a - Corona                Hex            #......      10%         1    ##.....


Dungeon Overview and Level Annotations

Branches:
Dungeon (7/15)
 Temple: D:4-7

Altars:

Shops:
D:4 =


Innate Abilities, Weirdness & Mutations

You are under a permanent stasis effect.
You can dig through walls and to a lower floor.
Your four strong arms can wield two-handed weapons with a shield.
You have a pair of large antennae on your head (SInv).


Message History

A centaur skeleton comes into view.
There is a stone staircase leading up here.
You climb upwards.
There is a stone staircase leading down here.
Unknown command.
There is a stone staircase leading down here.
You climb downwards.
You hear the hiss of flowing sand.
There is an entrance to an ossuary on this level.
Hurry and find it before the portal is buried!
An orc, an orc priest, an orc wizard and a centaur come into view.
The orc wizard shouts!
The orc shouts!
The centaur shouts!
The centaur wields a shortbow.
The centaur shoots an arrow.
The arrow hits you.
The centaur shoots an arrow.
The arrow barely misses you.
Found a stone staircase leading down.
There is a stone staircase leading up, spattered with blood here.
You see here 2 arrows.
Unknown command.
The centaur shoots an arrow.
The arrow hits you!
Ouch! That really hurt!
You die...

#.....Z.....
#.#########.
#.# #Z#
#####.###
#$.{<..[#
#.###.#.#
#.# #.#.#
#@# ..# #
#.......#
#o......#
..o......
{...o.....
#..#......
#..#.##.c.
#....> ...


You could see a centaur, an orc priest, an orc wizard and an orc.

Vanquished Creatures
  A bat (D:1)
1 creature vanquished.

Notes
Turn   | Place    | Note
--------------------------------------------------------------
     0 | D:1      | 4thArraOfDagon the Formicid Arcane Marksman began the quest for the Orb.
     0 | D:1      | Reached XP level 1. HP: 15/15 MP: 2/2
    31 | D:1      | You fall through a shaft!
    34 | D:2      | You fall through a shaft for 2 floors!
    69 | D:5      | Entered Level 5 of the Dungeon
    69 | D:5      | Noticed an ogre
    78 | D:4      | Found Nuppu's Jewellery Emporium.
    84 | D:4      | Noticed an orc wizard
    89 | D:4      | You fall through a shaft for 2 floors!
    89 | D:6      | Noticed an ogre
   122 | D:7      | Noticed an orc wizard
   122 | D:7      | Noticed an orc priest
   122 | D:7      | Noticed a centaur
   123 | D:7      | Shot with an arrow by a centaur

Vault maps used:
D:1:      grunt_arrival_lava_bath, minmay_misc_feat_enclosed
D:2:      first_bread
D:4:      lemuel_doored_altar, minmay_temple_entry_purple_smoke, serial_shops,
          shop, nicolae_shop_window_shopping, shop, uniq_natasha, uniq_menkaure
D:6:      kennysheep_windowed_halls, grunt_temple_overflow_open, bloody_makhleb
D:7:      nicolae_ossuary_entry_monument, minmay_crystal_water,
          nrook_mini_vaults, grunt_ogre_cave, uniq_joseph

Action                   || total
-------------------------++-------
 Fire: Hand crossbow     ||     2
 Abil: Shaft Self        ||     3
       Dig               ||     2
